 Dungeon Crawl Stone Soup version 0.31-a0-202-g547052bce9 (webtiles) character file.

Game seed: 6475814863782651775

1039 qw the Markself (level 8, -6/46 HPs)
             Began as a Deep Elf Hunter on June 26, 2023.
             Mangled by a two-headed ogre
             ... wielding a +0 giant spiked club
              (17 damage)
             ... on level 5 of the Dungeon.
             The game lasted 00:01:30 (3867 turns).

qw the Markself (Deep Elf Hunter)                   Turns: 3867, Time: 00:01:30

Health: -6/46      AC: 11    Str:  8 (10) XL:     8   Next: 4%
Magic:  10/10      EV:  9    Int: 14 (15) God:
Gold:   292        SH:  0    Dex: 18      Spells: 7/7 levels left

rFire   . . .        Y - +0 shortbow (flame)
rCold   . . .        (shield currently unavailable)
rNeg    . . .        k - +0 scale mail
rPois   .            (no helmet)
rElec   .            h - +1 cloak
rCorr   .            e - +2 pair of gloves
SInv    .            (no boots)
Will    .....        (no amulet)
Stlth   +            (no ring)
HPRegen 0.27/turn    (no ring)
MPRegen 0.12/turn

%: no passive effects
@: about to teleport
A: fangs 1, deterioration 1
a: no special abilities


You were on level 5 of the Dungeon.
You visited 1 branch of the dungeon, and saw 5 of its levels.

You collected 292 gold pieces.


Innate Abilities, Weirdness & Mutations

You have very sharp teeth.
Your body sometimes deteriorates upon taking damage.


   Skills:
 + Level 3.1 Fighting
 - Level 16.1 Ranged Weapons
 - Level 2.1 Armour
 - Level 5.0 Dodging
 - Level 1.2 Stealth


You had 7 spell levels left.
You didn't know any spells.
Your spell library was empty.

Inventory:

Hand Weapons
 Y - a +0 shortbow of flaming (weapon)
Armour
 b - a +0 ring mail
 e - a +2 pair of gloves (worn)
 h - a +1 cloak (worn)
 k - a +0 scale mail (worn)
Scrolls
 a - 2 scrolls of identify
 g - a scroll of teleportation
Potions
 c - a potion of might {unknown}
 d - a potion of resistance {unknown}
 i - 2 potions of curing

Dungeon Overview and Level Annotations

Branches:
Dungeon (5/15)
 Temple: D:4-7

Altars:
Dithmenos
Hepliaklqana
Uskayaw
Wu Jian

Annotations:
D:4 2 transporters


Message History

A two-headed ogre comes into view.
It is wielding a +0 giant spiked club and a +0 giant club.
The two-headed ogre shouts in stereo!
Enter note:
Enter note: You shoot an arrow.
The arrow hits the two-headed ogre.
The arrow burns the two-headed ogre.
The two-headed ogre is lightly wounded.
You shoot an arrow. The arrow hits the two-headed ogre!
The arrow burns the two-headed ogre.
The two-headed ogre is moderately wounded.
You shoot an arrow. The arrow hits the two-headed ogre.
The arrow burns the two-headed ogre.
The two-headed ogre is moderately wounded.
You shoot an arrow. The arrow hits the two-headed ogre.
The arrow burns the two-headed ogre.
The two-headed ogre is moderately wounded.
You shoot an arrow.
The arrow completely misses the two-headed ogre.
You shoot an arrow. The arrow hits the two-headed ogre.
The arrow burns the two-headed ogre.
The two-headed ogre is moderately wounded.
The two-headed ogre barely misses you.
The two-headed ogre hits you with a +0 giant club!
You shoot an arrow.
The arrow hits the two-headed ogre but does no damage.
The two-headed ogre is moderately wounded.
You shoot an arrow.
The arrow hits the two-headed ogre but does no damage.
The two-headed ogre is moderately wounded.
The two-headed ogre hits you with a +0 giant spiked club!
The two-headed ogre hits you with a +0 giant club!
3866 ||| READING 2 scrolls of teleportation.
As you read the scroll of teleportation, it crumbles to dust.
You feel strangely unstable. The two-headed ogre misses you.
The two-headed ogre barely misses you.
You shoot an arrow.
The arrow hits the two-headed ogre but does no damage.
The two-headed ogre is moderately wounded.
The two-headed ogre hits you with a +0 giant spiked club!
You die...

#...# #...# #...#
#...# #...# ###
#...# ....###
##...##### ##
#....##......[.#
#. #O@.........#
###.
####........#
##...
#........###..##
#######...##.##
###..#.# ##...##
#>...# #####.#
###########<..#.#


You could see a two-headed ogre.

Vanquished Creatures
  Prince Ribbit (D:5)
  2 phantoms (D:4)
  A scorpion (D:4)
  2 water moccasin zombies (D:4)
  A water moccasin skeleton (D:4)
  A bullfrog zombie (D:4)
  A centaur zombie (D:4)
  A sleepcap (D:4)
  A centaur skeleton (D:4)
  2 hounds
  2 scorpion zombies (D:4)
  A hound zombie (D:4)
  A hound skeleton (D:4)
  4 gnolls (D:4)
  5 adders
  An adder zombie (D:4)
  An adder skeleton (D:4)
  A dart slug (D:2)
  3 orcs
  3 bats
  5 endoplasms
  2 giant cockroaches
  4 goblins
  8 hobgoblins
  4 jackals (D:2)
  3 ball pythons
  5 frilled lizards
  3 kobolds
  10 rats
79 creatures vanquished.

Notes
Turn   | Place    | Note
-------+----------+-------------------------------------------
     0 | D:1      | qw the Deep Elf Hunter began the quest for the Orb.
     0 | D:1      | Reached XP level 1. HP: 12/12 MP: 3/3
     0 | D:1      | 0 ||| qw: Version: 0.3-a-22-g0ed2b0b
     0 | D:1      | 0 ||| qw: Game counter: 5778
     0 | D:1      | 0 ||| qw: Melee chars always use a shield: true
     0 | D:1      | 0 ||| qw: God list: Okawaru
     0 | D:1      | 0 ||| qw: Allow faded altars: false
     0 | D:1      | 0 ||| qw: Do Orc after clearing Dungeon:15 true
     0 | D:1      | 0 ||| qw: Do second Lair branch before Depths: true
     0 | D:1      | 0 ||| qw: Lair rune preference: random
     0 | D:1      | 0 ||| qw: Goals: Normal
     0 | D:1      | 0 ||| PLANNING D:1-11
   344 | D:1      | Reached XP level 2. HP: 16/16 MP: 4/4
   470 | D:1      | Reached skill level 6 in Ranged Weapons
   561 | D:1      | 561 ||| DROPPING ring of magical power.
   562 | D:1      | 562 ||| READING 2 scrolls labelled GOED YTWUE.
   563 | D:1      | 563 ||| READING 2 scrolls labelled EJOICUAXUL.
   564 | D:1      | 564 ||| READING 2 scrolls labelled NAKAPTOIZU.
   569 | D:1      | 569 ||| READING scroll labelled XIOVUQ ZISE.
   570 | D:1      | 570 ||| DROPPING scroll of butterflies.
   571 | D:1      | 571 ||| DROPPING scroll of immolation.
   733 | D:2      | Reached XP level 3. HP: 20/20 MP: 5/5
  1012 | D:2      | Reached skill level 7 in Ranged Weapons
  1012 | D:2      | HP: 5/20 [poisoned by an adder]
  1015 | D:2      | HP: 2/20 [poisoned by an adder]
  1373 | D:2      | 1373 ||| READING scroll labelled KUNTUIDYDAY.
  1374 | D:2      | 1374 ||| READING 3 scrolls of identify.
  1374 | D:2      | 1374 ||| IDENTIFYING grey potion
  1375 | D:2      | 1375 ||| READING 2 scrolls of identify.
  1375 | D:2      | 1375 ||| IDENTIFYING bubbling black potion
  1376 | D:2      | 1376 ||| DROPPING potion of invisibility.
  2015 | D:3      | Reached XP level 4. HP: 24/25 MP: 6/6
  2046 | D:3      | Found a shadowy altar of Dithmenos.
  2325 | D:3      | 2325 ||| UPGRADING to +2 pair of gloves.
  2330 | D:3      | 2330 ||| READING scroll labelled ZOITHY CAXO.
  2331 | D:3      | 2331 ||| READING scroll labelled TOFIZO YSYKOMP.
  2332 | D:3      | 2332 ||| DRINKING 2 murky black potions.
  2332 | D:3      | Gained mutation: You have very sharp teeth. [potion of
                  | mutation]
  2332 | D:3      | Gained mutation: You occasionally lose the ability to drink
                  | potions when taking damage. [potion of mutation]
  2332 | D:3      | Gained mutation: Your mind is acute. (Int +4, Str/Dex -1)
                  | [potion of mutation]
  2333 | D:3      | 2333 ||| DRINKING potion of mutation.
  2333 | D:3      | Lost mutation: You occasionally lose the ability to drink
                  | potions when taking damage. [potion of mutation]
  2333 | D:3      | Lost mutation: Your mind is acute. (Int +4, Str/Dex -1)
                  | [potion of mutation]
  2333 | D:3      | Gained mutation: Your body sometimes deteriorates upon
                  | taking damage. [potion of mutation]
  2334 | D:3      | 2334 ||| READING 3 scrolls of identify.
  2334 | D:3      | 2334 ||| IDENTIFYING inky potion
  2335 | D:3      | 2335 ||| DRINKING potion of experience.
  2335 | D:3      | Reached skill level 16 in Ranged Weapons
  2335 | D:3      | Reached XP level 5. HP: 29/29 MP: 7/7
  2336 | D:3      | 2336 ||| READING 2 scrolls of identify.
  2336 | D:3      | 2336 ||| IDENTIFYING dark potion
  2357 | D:4      | 2357 ||| FLEEEEING.
  2358 | D:4      | 2358 ||| STAIRDANCE
  2397 | D:4      | Reached skill level 3 in Dodging
  2509 | D:4      | Found a hide-covered altar of Uskayaw.
  2520 | D:4      | Reached XP level 6. HP: 28/35 MP: 8/8
  2701 | D:4      | Reached XP level 7. HP: 27/40 MP: 9/9
  2929 | D:4      | Reached skill level 3 in Fighting
  3293 | D:4      | Found a hazy altar of Hepliaklqana.
  3328 | D:4      | Found a transporter.
  3328 | D:4      | Found an ornate altar of the Wu Jian Council.
  3328 | D:4      | Noticed a wyvern
  3371 | D:4      | Found a transporter.
  3514 | D:4      | 3514 ||| UPGRADING to +0 cloak.
  3519 | D:4      | 3519 ||| UPGRADING to +0 scale mail.
  3529 | D:4      | 3529 ||| DROPPING +0 leather armour.
  3530 | D:4      | 3530 ||| READING scroll of enchant armour.
  3530 | D:4      | 3530 ||| ENCHANTING +0 cloak.
  3531 | D:4      | 3531 ||| READING scroll labelled QENUEL QAOGI.
  3532 | D:4      | 3532 ||| READING scroll labelled QUINIU LYABEALU.
  3533 | D:4      | 3533 ||| READING 2 scrolls of identify.
  3533 | D:4      | 3533 ||| IDENTIFYING fizzy brown potion
  3534 | D:4      | 3534 ||| DROPPING potion of degeneration.
  3538 | D:5      | Entered Level 5 of the Dungeon
  3602 | D:5      | Noticed Prince Ribbit
  3610 | D:5      | HP: 5/41 [Prince Ribbit (7)]
  3611 | D:5      | 3611 ||| READING 3 scrolls of teleportation.
  3612 | D:5      | 3612 ||| DRINKING potion of heal wounds.
  3771 | D:5      | Killed Prince Ribbit
  3772 | D:5      | Reached XP level 8. HP: 34/46 MP: 10/10
  3857 | D:5      | Noticed a two-headed ogre
  3865 | D:5      | HP: 11/46 [two-headed ogre/+0 giant spiked club (12)]
  3866 | D:5      | 3866 ||| READING 2 scrolls of teleportation.
  3867 | D:5      | Mangled by a two-headed ogre

Levels and vault maps discovered:
D:1:      minmay_arrival_stair_chambers, layout_basic, st_stairs_14,
          minmay_domino_4
D:2:      minmay_wonky_spiral, layout_basic, nicolae_titane
D:3:      layout_basic, mainiacjoe_overflow_alcove_1, serial_park_tiny_pond,
          chequers_serial_rivers_micro_b
D:4:      layout_loops_corners, gammafunk_temple_overflow_arena,
          eat_drink_and_be_merry_uskayaw, serial_undead, serial_undead_f,
          serial_undead_d, serial_undead_a, serial_undead_a,
          wad_floor_pattern_untrapped
D:5:      layout_basic, grunt_decor_resistance, uniq_prince_ribbit1

Skill      XL: |  1  2  3  4  5  6  7 |
---------------+----------------------+-----
Ranged Weapons | 6 7 16 | 16.1
Dodging        | 3 4 5 |  5.0
Fighting       | 2 3 |  3.1
Armour         | 2 |  2.1
Stealth        | |  1.2

Action                     |  1- 3 |  4- 6 |  7- 9 || total
---------------------------+-------+-------+-------++-------
   Fire: Shortbow          |   110 |   124 |   113 ||   347
    Use: Scroll            |     7 |     4 |     6 ||    17
         Potion            |       |     3 |     1 ||     4
 Armour: Leather armour    |     6 |    28 |     3 ||    37
         Scale mail        |       |       |    13 ||    13
  Dodge: Dodged            |    22 |    43 |    39 ||   104

Table legend:
 A = Non-vault XP
 B = Vault XP
 C = Vault XP percentage of total XP
 D = Non-vault monster count
 E = Vault monster count
 F = Vault count percentage of total count
                 A         B        C        D         E       F
            +---------+---------+-------+---------+---------+-------
      Total |     400 |     974 |  70.9 |      57 |      22 |  27.8
            +---------+---------+-------+---------+---------+-------
        D:1 |       9 |       5 |  35.7 |       8 |       4 |  33.3
        D:2 |      43 |      18 |  29.5 |      19 |       3 |  13.6
        D:3 |      37 |       0 |   0.0 |      13 |       0 |   0.0
        D:4 |     250 |     677 |  73.0 |      14 |      14 |  50.0
        D:5 |      61 |     274 |  81.8 |       3 |       1 |  25.0
            +---------+---------+-------+---------+---------+-------
